 Dungeon Crawl Stone Soup version 0.25-a0-510-ge065f6de7d (webtiles) character file.

Game seed: 13217926193998812, levelgen mode: deterministic

19868 drasked the Destroyer (level 12, -36/72 HPs)
             Began as a Deep Elf Wizard on Feb 16, 2020.
             Was a Priest of Vehumet.
             Killed from afar by a fire giant (54 damage)
             ... with a bolt of fire
             ... on level 12 of the Dungeon.
             The game lasted 02:35:55 (30427 turns).

drasked the Destroyer (Deep Elf Wizard)            Turns: 30427, Time: 02:35:55

Health: -36/72     AC:  8    Str:  4    XL:     12   Next: 40%
Magic:  28/28      EV: 23    Int: 29    God:    Vehumet [***...]
Gold:   1113       SH:  5    Dex: 13    Spells: 9/31 levels left

rFire    . . .     SeeInvis .   F - staff of conjuration {!a!a}
rCold    . . .     Gourm    .   n - +0 buckler
rNeg     . . .     Faith    .   f - +2 robe {MR+} {MR+}
rPois    .         Spirit   .   b - +0 hat
rElec    .         Reflect  .   E - scarf {repulsion}
rCorr    .         Harm     .   p - +2 pair of gloves
MR       ++...                  M - +0 pair of boots
Stlth    ++........             (no amulet)
HPRegen  0.22/turn              N - +4 ring of evasion
MPRegen  0.21/turn              W - ring of wizardry {Wiz+, !dWiz+}

@: repel missiles
A: no striking features
a: Renounce Religion


You were on level 12 of the Dungeon.
You worshipped Vehumet.
Vehumet was most pleased with you.
You were very hungry.

You visited 4 branches of the dungeon, and saw 16 of its levels.

You collected 1113 gold pieces.

Inventory:

Missiles
 r - a throwing net {=f, !d=f}
 x - 27 poisoned darts (quivered)
Armour
 b - a +0 hat (worn)
 f - a +2 robe of magic resistance (worn) {MR+}
   (You took it off Dowan on level 7 of the Dungeon)
 n - a +0 buckler (worn)
   (You took it off a tengu conjurer on level 10 of the Dungeon)
 p - a +2 pair of gloves (worn)
   (You found it on level 3 of the Dungeon)
 E - a scarf of repulsion (worn)
   (You found it on level 12 of the Dungeon)
 M - a +0 pair of boots (worn)
   (You found it on level 9 of the Dungeon)
Magical Staves
 F - an uncursed staff of conjuration (weapon) {!a!a}
   (You acquired it on level 9 of the Dungeon)
Jewellery
 m - an uncursed ring of protection from magic {MR+, !d}
   (You found it on level 1 of the Dungeon)
 v - a +2 ring of protection
   (You found it on level 2 of the Dungeon)
 N - a +4 ring of evasion (left hand)
   (You found it on level 9 of the Dungeon)
 S - an uncursed ring of see invisible {sInv, !d}
   (You took it off an orc on level 3 of the Dungeon)
 W - a ring of wizardry (right hand) {Wiz+, !dWiz+}
   (You found it on level 7 of the Dungeon)
Wands
 z - a wand of acid (11)
   (You found it on level 5 of the Dungeon)
 A - a wand of polymorph (7)
   (You took it off Maggie on level 8 of the Dungeon)
 C - a wand of paralysis (11)
   (You found it on level 11 of the Dungeon)
 D - a wand of iceblast (30)
   (You found it on level 7 of the Dungeon)
Scrolls
 a - a scroll of immolation {!r!r}
 g - 2 scrolls of fear
 h - a scroll of enchant armour
 i - 2 scrolls of identify
 j - 3 scrolls of amnesia
 t - 3 scrolls of teleportation
 w - 7 scrolls of remove curse
 y - 4 scrolls of enchant weapon
 B - a scroll of blinking {!r!r}
 H - a scroll of magic mapping {!r!r}
Potions
 c - 2 potions of berserk rage {!q!q}
 d - 2 potions of might
 k - 2 potions of lignification {!q!q}
 l - a potion of heal wounds
 o - 3 potions of brilliance
 q - 3 potions of curing
 s - a potion of agility
 u - a potion of flight
 J - a potion of magic
Comestibles
 e - 7 rations


   Skills:
 - Level 7.0 Fighting
 - Level 11.0 Dodging
 - Level 2.4 Stealth
 - Level 4.1 Shields
 + Level 10.1 Spellcasting
 + Level 11.9 Conjurations
 - Level 8.1 Hexes
 - Level 2.0 Summonings
 - Level 1.1 Translocations
 - Level 6.1 Fire Magic
 - Level 2.0 Air Magic
 - Level 2.0 Poison Magic


You had 9 spell levels left.
You knew the following spells:

 Your Spells              Type           Power        Failure   Level  Hunger
a - Magic Dart            Conj           ####         1%          1    None
b - Tukima's Dance        Hex            ######..     1%          3    None
c - Call Imp              Summ           ####....     1%          2    None
d - Invisibility          Hex            ######..     9%          6    #####..
e - Conjure Flame         Conj/Fire      #######.     1%          3    None
f - Blink                 Tloc           N/A          1%          2    None
g - Apportation           Tloc           ###...       1%          1    None
x - Mephitic Cloud        Conj/Pois/Air  ######..     1%          3    None
B - Summon Butterflies    Summ           ####....     1%          1    None

Your spell library contained the following spells:

 Spells                   Type           Power        Failure   Level  Hunger
 Frozen Ramparts          Ice            ##....       1%          3    None
 Slow                     Hex            ######..     1%          2    None
 Lesser Beckoning         Tloc           ###.......   2%          3    None
 Alistair's Intoxication  Tmut/Pois      ###.....     26%         5    ###....


Dungeon Overview and Level Annotations

Branches:
Dungeon (12/15)            Temple (1/1) D:6            Lair (1/6) D:9
    Orc (2/2) D:12            Elf (0/3) Orc:2

Altars:
Ashenzari
Cheibriados
Dithmenos
Elyvilon
Fedhas
Gozag
Hepliaklqana
Kikubaaqudgha
Makhleb
Nemelex Xobeh
Okawaru
Qazlal
Ru
Sif Muna
Trog
Uskayaw
Vehumet
Wu Jian
Xom
Yredelemnul
Zin
The Shining One

Shops:
D:11 ?   Orc:1 [


Message History

The orc priest is engulfed in noxious fumes.
The orc priest appears confused.
The orc priest is engulfed in noxious fumes.
The orc priest appears confused.
The orc warrior hits your -1 scimitar with a +0 scimitar!
The orc priest is engulfed in noxious fumes.
The orc warrior hits your -1 scimitar.
The orc warrior is engulfed in noxious fumes.
The orc warrior appears confused.
Aim: an orc warrior, wielding a +0 scimitar and wearing a +0 plate armour (lightly wounded, confused, chance to defeat MR: 84%)
The +0 scimitar dances into the air!
The orc warrior seems less confused.
The orc warrior screams, "I'll kill you anyway!"
Aim: an orc warrior, wearing a +0 chain mail (severely wounded)
You feel a surge of power!
The ball explodes into a vile cloud!
The stinking cloud engulfs the orc warrior but does no damage.
The stinking cloud engulfs your +0 scimitar but does no damage.
* * * LOW MAGIC WARNING * * *
The orc warrior is engulfed in noxious fumes.
The orc warrior is engulfed in noxious fumes.
The orc warrior appears confused.
The orc warrior hits your -1 scimitar.
The orc priest is engulfed in noxious fumes.
The orc priest appears confused.
The orc warrior dies!
You feel a bit more experienced.
The orc priest closely misses your -1 scimitar.
The orc priest dies!
An orc warlord comes into view. It is wielding a +0 great sword.
The orc warlord roars a battlecry!
You feel a surge of power!
The ball explodes into a vile cloud!
* * * LOW MAGIC WARNING * * *
The orc warlord is engulfed in noxious fumes.
The orc warlord appears confused.
The orc warlord is engulfed in noxious fumes.
Aim: an orc warlord, wielding a +0 great sword and wearing a +0 chain mail (noxious fumes, lightly wounded, confused, chance to defeat MR: 54%)
Okay, then.
The orc warlord is engulfed in noxious fumes.
The orc warlord looks very confused.
A beastly little devil appears in a puff of flame.
* * * LOW MAGIC WARNING * * *
The orc warlord seems less confused.
An orc high priest comes into view. It is wielding a +0 trident.
The orc warlord is engulfed in noxious fumes.
The orc warlord appears confused.
Your crimson imp blinks!
Things that are here:
a +0 long sword; a +0 dire flail
There is a stone staircase leading up, spattered with blood here.
You see here 3 arrows.
The orc warlord roars a battlecry!
You climb upwards.
Your summoned ally is left behind.
There is a stone staircase leading down here.
Okay, then.
Okay, then.
Okay, then.
You start resting.
You are feeling very hungry.
There is a staircase back to the Dungeon here.
You climb upwards.
Welcome back to the Dungeon!
There is a staircase to the Orcish Mines here.
Things that are here:
27 stones; a +0 buckler; a +0 flail Unknown command.
Okay, then.
A beastly little devil appears in a puff of frigid air.
The catoblepas bellows!
The catoblepas breathes a plume of calcifying dust at you.
The blast of calcifying dust hits you but does no damage.
Your white imp is engulfed in calcifying dust.
Your white imp is moving more slowly.
Okay, then.
You feel a surge of power!
The ball explodes into a vile cloud!
The stinking cloud engulfs the catoblepas but does no damage.
The catoblepas is engulfed in noxious fumes.
Unknown command.
Aim: a catoblepas (lightly wounded)
You feel a surge of power!
The ball explodes into a vile cloud!
The stinking cloud engulfs the catoblepas but does no damage.
The catoblepas is engulfed in noxious fumes.
The catoblepas breathes a plume of calcifying dust at you.
The blast of calcifying dust hits you.
The catoblepas is engulfed in noxious fumes.
Okay, then.
The catoblepas is engulfed in noxious fumes.
The catoblepas gores you!
As you read the scroll of teleportation, it crumbles to dust.
You feel strangely unstable. You block the catoblepas's attack.
The catoblepas breathes a plume of calcifying dust at you.
The blast of calcifying dust hits you!
Your surroundings suddenly seem different.
The fire giant shouts!
The fire giant points at you and mumbles some strange words.
The fireball explodes!
The fireball engulfs you!!!
Ouch! That really hurt!
* * * LOW HITPOINT WARNING * * *
The fire giant gestures at you while chanting.
The bolt of fire hits you!!!
Ouch! That really hurt!
You die...

#.# ##..#.# #
#.#
######..#.# #
#C#
#.........# #
#.#
#.####..### #
#.# #.# #..# #
#.# #.# #..# #
#.####.####C.#
#
#..[.........#
#
#@.)...####.##
#.######
#.###### #.#
#....... ###.#
######## #...#
###### #.#.#
...... #...#
#.#####. ##.##
#.# #. #.# #.#
##


You could see a fire giant.

Levels and vault maps discovered:
D:1:      ebering_trefoil_3fold, layout_basic
D:2:      layout_basic, uniq_terence
D:3:      layout_basic, lemuel_doored_altar, overflow_temple_1_default,
          hangedman_feature_mirror
D:4:      layout_loops_ring, lightli_temple_of_fire
D:5:      layout_rooms, first_ration, grunt_dithmenos_shadows
D:6:      layout_loops_corners, kennysheep_vampire_church,
          minmay_temple_entry_hall
D:7:      layout_basic, zin_scriptorium, uniq_duvessa
D:8:      layout_loops_ring, uniq_maggie, uniq_prince_ribbit1
D:9:      layout_rooms, nicolae_overflow_crystal_walls, dpeg_oklobed_lair
D:10:     layout_loops_ring, grunt_tengu_nest, serial_bayou_lake_a, uniq_erolcha
D:11:     layout_basic, serial_shops, shop
D:12:     minmay_mutant_horseshoe, layout_loops_ring
Temple:   lightli_temple_of_artemis
Lair:1:   layout_roguey, basic_altar, serial_bayou_lagoon_a,
          hangedman_lair_generics_rect
Orc:1:    nicolae_orc_accident_3, layout_diamond_mine, serial_shops, shop
Orc:2:    st_orc_congregation, layout_diamond_mine, elf_legates

Notes
Turn   | Place    | Note
-------+----------+-------------------------------------------
     0 | D:1      | drasked the Deep Elf Wizard began the quest for the Orb.
     0 | D:1      | Reached XP level 1. HP: 10/10 MP: 7/7
   137 | D:1      | Identified a cursed -3 club
   174 | D:1      | Identified a cursed -1 mace (You found it on level 1 of the
                  | Dungeon)
   244 | D:1      | Identified a +0 club
   346 | D:1      | Reached skill level 2 in Conjurations
   436 | D:1      | Identified a +0 club
   660 | D:1      | Reached XP level 2. HP: 15/15 MP: 7/9
   664 | D:1      | Learned a level 2 spell: Call Imp
   683 | D:1      | Identified a +0 club
   722 | D:1      | Identified a +0 club
  1050 | D:2      | Identified a +0 hand axe
  1050 | D:2      | Identified a +0 chain mail
  1050 | D:2      | Noticed Terence
  1134 | D:2      | Killed Terence
  1134 | D:2      | Reached skill level 3 in Conjurations
  1134 | D:2      | Reached XP level 3. HP: 19/19 MP: 6/10
  1244 | D:2      | Identified a ring of protection (You found it on level 2 of
                  | the Dungeon)
  1245 | D:2      | Identified a ring of protection from magic (You found it on
                  | level 1 of the Dungeon)
  1246 | D:2      | Identified 2 scrolls of amnesia
  1247 | D:2      | Identified a scroll of enchant weapon
  1248 | D:2      | Identified a scroll of remove curse
  1541 | D:2      | Reached skill level 4 in Conjurations
  1709 | D:2      | Reached XP level 4. HP: 24/24 MP: 6/12
  1967 | D:2      | Identified 2 scrolls of identify
  1967 | D:2      | Identified a potion of lignification
  1968 | D:2      | Identified a potion of heal wounds
  1979 | D:3      | Identified a +0 flail
  1979 | D:3      | Identified a +0 leather armour
  2027 | D:3      | Identified a +0 club
  2187 | D:3      | Found a shattered altar of Ashenzari.
  2207 | D:3      | Identified a +2 pair of gloves (You found it on level 3 of
                  | the Dungeon)
  2303 | D:3      | Identified a +0 club
  2324 | D:3      | Identified a +0 dagger
  2417 | D:3      | Found a shadowy altar of Dithmenos.
  2628 | D:3      | Reached skill level 2 in Summonings
  2639 | D:3      | Learned a level 3 spell: Mephitic Cloud
  2716 | D:3      | Identified a +0 short sword
  2716 | D:3      | Identified a +0 leather armour
  2716 | D:3      | Identified an uncursed ring of see invisible
  2998 | D:4      | Identified a cursed +0 giant club
  2998 | D:4      | Noticed an ogre
  3119 | D:4      | Reached skill level 1 in Poison Magic
  3119 | D:4      | Reached XP level 5. HP: 27/28 MP: 7/14
  3224 | D:4      | Identified a +0 giant club
  3224 | D:4      | Noticed an ogre
  3237 | D:4      | Killed an ogre
  3237 | D:4      | Reached skill level 5 in Spellcasting
  3237 | D:4      | Reached skill level 1 in Air Magic
  3337 | D:4      | Reached skill level 2 in Poison Magic
  3376 | D:4      | Found a bloodstained altar of Trog.
  3376 | D:4      | Identified a +0 club
  3376 | D:4      | Identified a +2 whip of venom
  3379 | D:4      | Reached skill level 2 in Air Magic
  3381 | D:4      | Reached XP level 6. HP: 32/32 MP: 9/16
  3476 | D:4      | Got a shimmering ring mail
  3487 | D:4      | Identified the cursed +1 ring mail of Sunlight {+Fly rF+
                  | Regen+} (You found it on level 4 of the Dungeon)
  3498 | D:4      | Identified a +0 robe
  3507 | D:4      | Reached skill level 6 in Spellcasting
  3695 | D:4      | Reached skill level 7 in Spellcasting
  4002 | D:5      | Entered Level 5 of the Dungeon
  4002 | D:5      | Identified a +0 scale mail
  4002 | D:5      | Identified a +0 ring mail
  4002 | D:5      | Identified a +0 club
  4010 | D:5      | Identified a +0 dagger
  4010 | D:5      | Identified a cursed +0 robe
  4011 | D:5      | Identified a +0 short sword
  4011 | D:5      | Identified a +0 leather armour
  4329 | D:5      | Reached XP level 7. HP: 36/36 MP: 12/20
  4391 | D:5      | Reached skill level 8 in Spellcasting
  4567 | D:5      | Reached skill level 5 in Conjurations
  4807 | D:5      | Identified a cursed -3 giant club
  4850 | D:5      | Reached skill level 6 in Conjurations
  5034 | D:5      | Identified a +0 spear
  5035 | D:5      | Identified a +2 flail of holy wrath
  5036 | D:5      | Identified a +0 spear
  5036 | D:5      | Identified a +0 spear
  5042 | D:5      | Found a shadowy altar of Dithmenos.
  5061 | D:5      | Reached skill level 7 in Conjurations
  5061 | D:5      | Reached XP level 8. HP: 41/41 MP: 9/22
  5387 | D:5      | Identified a +0 dagger
  5387 | D:5      | Identified a +0 robe
  5390 | D:5      | Identified a +0 dagger
  5393 | D:5      | Identified a +0 trident
  5393 | D:5      | Identified a +0 leather armour
  5580 | D:6      | Reached skill level 8 in Conjurations
  5628 | D:6      | Identified a +0 giant club
  5808 | D:6      | Found an ancient bone altar of Kikubaaqudgha.
  5909 | D:6      | Identified a +0 shortbow
  5911 | D:6      | Found a staircase to the Ecumenical Temple.
  5923 | D:6      | Reached skill level 9 in Conjurations
  5926 | Temple   | Entered the Ecumenical Temple
  5943 | Temple   | Became a worshipper of Vehumet
  6252 | D:6      | Identified a +0 club
  6252 | D:6      | Identified a +0 leather armour
  6254 | D:6      | Identified a +2 hand axe of electrocution
  6254 | D:6      | Identified a +0 leather armour
  6256 | D:6      | Identified a +0 giant spiked club
  6258 | D:6      | Identified a +0 hand axe
  7047 | D:6      | Reached skill level 10 in Conjurations
  7477 | D:7      | Reached XP level 9. HP: 42/45 MP: 16/23
  7602 | D:7      | Identified a +0 club
  7602 | D:7      | Identified a +0 scale mail
  7604 | D:7      | Identified a +0 falchion
  7604 | D:7      | Identified a +0 leather armour
  7605 | D:7      | Identified a +0 hand axe
  7605 | D:7      | Identified a +0 dagger
  7605 | D:7      | Identified a +0 robe
  7623 | D:7      | Reached skill level 11 in Conjurations
  7850 | D:7      | Identified a +1 dagger of venom
  7850 | D:7      | Identified a +0 robe
  7853 | D:7      | Identified a +0 short sword
  7853 | D:7      | Identified a +0 falchion
  7853 | D:7      | Identified a +0 leather armour
  7855 | D:7      | Identified a +0 flail
  7894 | D:7      | Identified 2 potions of mutation
  7895 | D:7      | Identified 2 potions of agility
  7896 | D:7      | Identified 2 potions of curing
  8692 | D:7      | Identified a +0 great sword
  8692 | D:7      | Identified a cursed +0 robe
  8701 | D:7      | Reached * piety under Vehumet
  8701 | D:7      | Offered knowledge of Shock by Vehumet.
  8730 | D:7      | Identified a +0 hand axe
  8730 | D:7      | Identified a +0 robe
  8760 | D:7      | Identified a +0 mace
  8760 | D:7      | Identified a +0 robe
  8761 | D:7      | Identified a cursed +3 halberd of freezing
  8761 | D:7      | Identified a +0 robe
  8761 | D:7      | Identified a +4 hand axe
  8761 | D:7      | Identified a +0 robe
  8914 | D:7      | Identified a +0 rapier of draining
  8914 | D:7      | Identified a +0 ring mail
  8914 | D:7      | Noticed Duvessa
  8942 | D:7      | Found a glowing silver altar of Zin.
  9104 | D:7      | Reached skill level 3 in Dodging
  9167 | D:7      | Reached skill level 1 in Fighting
  9670 | D:7      | Identified a +0 dagger
  9670 | D:7      | Identified a +2 robe of magic resistance
  9670 | D:7      | Noticed Dowan
  9685 | D:7      | Killed Dowan
  9811 | D:7      | Killed Duvessa
  9811 | D:7      | Reached skill level 2 in Fighting
  9811 | D:7      | Reached skill level 4 in Dodging
  9955 | D:8      | Identified a +2 long sword of draining
  9955 | D:8      | Identified +0 steam dragon scales
  9955 | D:8      | Noticed Maggie
  9966 | D:8      | Identified a +0 whip
  9980 | D:8      | Identified a +0 whip
  9980 | D:8      | Identified a +0 leather armour
  9984 | D:8      | Identified a +2 short sword of holy wrath
  9985 | D:8      | Identified a +0 club
  9985 | D:8      | Identified a +0 scale mail
 10208 | D:8      | HP: 1/49 [Maggie/bolt of fire (18)]
 10511 | D:7      | Identified a ring of wizardry (You found it on level 7 of
                  | the Dungeon)
 10542 | D:8      | Noticed Prince Ribbit
 10575 | D:8      | Killed Prince Ribbit
 10575 | D:8      | Reached skill level 5 in Dodging
 10676 | D:8      | Killed Maggie
 10676 | D:8      | Reached skill level 3 in Fighting
 11071 | D:8      | Identified a +0 giant club
 11517 | D:8      | Reached skill level 6 in Dodging
 11552 | D:8      | Learned a level 3 spell: Tukima's Dance
 11559 | D:8      | Learned a level 6 spell: Invisibility
 11606 | D:9      | Found a staircase to the Lair.
 11606 | D:9      | Identified a +0 giant club
 11606 | D:9      | Identified a +0 dire flail
 11606 | D:9      | Noticed a two-headed ogre
 11622 | D:9      | Reached XP level 10. HP: 56/56 MP: 18/24
 11718 | D:9      | Identified a +0 shortbow
 11832 | D:9      | HP: 9/56 [two-headed ogre/+0 giant club (19)]
 11855 | D:9      | HP: 8/56 [hound zombie (2)]
 12368 | D:9      | Reached skill level 1 in Hexes
 12948 | D:9      | Killed a two-headed ogre
 12948 | D:9      | Reached skill level 4 in Hexes
 13270 | D:9      | Reached skill level 5 in Hexes
 13390 | D:9      | Found a white marble altar of Elyvilon.
 13427 | D:9      | Identified a +0 giant club
 13525 | D:9      | Identified a +0 giant club
 13679 | D:9      | Identified a +0 pair of boots (You found it on level 9 of
                  | the Dungeon)
 13694 | D:9      | Identified a ring of evasion (You found it on level 9 of
                  | the Dungeon)
 13738 | D:9      | Reached skill level 6 in Hexes
 13785 | D:9      | Identified a +0 robe of magic resistance (You found it on
                  | level 9 of the Dungeon)
 13800 | D:9      | Identified 3 potions of brilliance
 13801 | D:9      | Identified 2 potions of might
 13802 | D:9      | Identified a scroll of immolation
 13803 | D:9      | Identified 2 scrolls of magic mapping
 13804 | D:9      | Identified 2 scrolls of fear
 13805 | D:9      | Identified 2 scrolls of random uselessness
 13806 | D:9      | Identified 2 scrolls of enchant armour
 13807 | D:9      | Identified 4 scrolls of teleportation
 13808 | D:9      | Identified a scroll of blinking
 13826 | D:10     | Entered Level 10 of the Dungeon
 13832 | D:10     | Identified a +0 shortbow
 13995 | D:10     | Identified a cursed -1 flail
 13997 | D:10     | Identified a +0 spear
 14001 | D:10     | Identified a +0 spear
 14003 | D:10     | Identified a +0 spear
 14081 | D:10     | Identified a +6 giant club
 14081 | D:10     | Identified a +0 robe
 14081 | D:10     | Noticed Erolcha
 14269 | D:10     | Identified a +0 whip
 14273 | D:10     | Identified a cursed -1 club
 14286 | D:10     | Offered knowledge of Sandblast by Vehumet.
 14286 | D:10     | Reached skill level 7 in Hexes
 14289 | D:10     | Reached ** piety under Vehumet
 14301 | D:10     | Identified a +0 whip
 14497 | D:10     | Identified a +0 club
 14497 | D:10     | Identified a +0 leather armour
 14583 | D:10     | Identified a +0 shortbow
 14690 | D:10     | Reached skill level 8 in Hexes
 14943 | D:10     | Identified a +0 buckler
 15133 | D:10     | Identified a +0 spear
 15143 | D:10     | Reached skill level 4 in Fighting
 15143 | D:10     | Identified a +0 club
 15395 | D:10     | Identified a +0 dagger
 15641 | D:10     | Identified a +0 trident
 15644 | D:10     | Identified a +0 whip
 15663 | D:10     | Reached skill level 1 in Shields
 16009 | D:10     | Killed Erolcha
 16009 | D:10     | Reached skill level 2 in Shields
 16256 | D:11     | Identified a +1 short sword of freezing
 16258 | D:11     | Identified a +0 giant club
 16323 | D:11     | Identified a +0 great mace
 16323 | D:11     | Identified a +0 giant club
 16323 | D:11     | Noticed a two-headed ogre
 16489 | D:11     | Reached skill level 5 in Fighting
 16710 | D:11     | Reached skill level 3 in Shields
 17051 | D:11     | Noticed a manticore
 17083 | D:11     | Killed a manticore
 17083 | D:11     | Reached XP level 11. HP: 64/64 MP: 4/25
 17710 | D:11     | Found Feij's Magic Scroll Shop.
 17735 | D:11     | Noticed a white ugly thing
 18079 | D:9      | Identified a scroll of torment
 18232 | Lair:1   | Entered Level 1 of the Lair of Beasts
 18539 | Lair:1   | HP: 16/64 [poisoned by a spiny frog]
 18544 | Lair:1   | HP: 15/64 [poisoned by a spiny frog]
 18551 | Lair:1   | HP: 15/64 [poisoned by a spiny frog]
 18559 | Lair:1   | HP: 14/64 [poisoned by a spiny frog]
 18586 | Lair:1   | Noticed a six-headed hydra
 19017 | D:11     | Nebukadnezar: conj flame is: cheap and silent (if you can
                  | stay in 1 place), also good : blocking. Animals will walk
                  | into it most of times
 19022 | D:11     | Learned a level 3 spell: Conjure Flame
 19072 | D:11     | Reached skill level 4 in Shields
 19104 | D:11     | Identified a potion of berserk rage
 19105 | D:11     | Identified a potion of flight
 19106 | D:11     | Identified a potion of magic
 19703 | D:11     | Reached skill level 6 in Fighting
 19845 | D:11     | Killed a two-headed ogre
 20047 | D:11     | Killed a white ugly thing
 20047 | D:11     | Reached skill level 7 in Dodging
 20833 | D:12     | Identified a +0 whip
 20834 | D:12     | Identified a +0 spear
 20836 | D:12     | Identified a +0 trident
 20836 | D:12     | Identified a +0 scale mail
 20836 | D:12     | Identified a +0 kite shield
 20947 | D:12     | Identified a +0 short sword
 20947 | D:12     | Identified a +0 chain mail
 20954 | D:12     | Identified a +0 flail
 20954 | D:12     | Identified a +0 chain mail
 20997 | D:11     | HP: 15/66 [slime creature (11)]
 21015 | D:11     | HP: 16/66 [slime creature (3)]
 21060 | D:11     | HP: 11/66 [slime creature (15)]
 21107 | D:11     | HP: 8/66 [slime creature (12)]
 21383 | D:10     | Learned a level 2 spell: Blink
 21385 | D:10     | Learned a level 1 spell: Apportation
 21446 | D:11     | Reached skill level 1 in Fire Magic
 21772 | D:12     | Reached skill level 2 in Fire Magic
 21875 | D:12     | Identified a +0 leather armour
 21878 | D:12     | Identified a +0 halberd
 21878 | D:12     | Identified a +0 plate armour
 21882 | D:12     | Identified a +0 mace
 21888 | D:12     | Identified a +0 club
 21888 | D:12     | Identified a +0 scale mail
 22178 | D:12     | Reached skill level 8 in Dodging
 22199 | D:12     | Identified a scarf of repulsion (You found it on level 12
                  | of the Dungeon)
 22483 | D:12     | Reached skill level 7 in Fighting
 22534 | D:12     | Identified a +0 giant spiked club
 22541 | D:12     | Reached skill level 3 in Fire Magic
 22738 | D:12     | Identified a cursed +0 dagger
 22738 | D:12     | Identified a +0 robe
 22760 | D:12     | Identified a +0 war axe
 22760 | D:12     | Identified a +0 leather armour
 22904 | D:12     | Noticed a seven-headed hydra
 23433 | D:12     | Identified a +0 shortbow
 23433 | D:12     | Noticed a centaur warrior
 23453 | D:12     | Noticed a cyan ugly thing
 23455 | D:12     | Killed a centaur warrior
 23455 | D:12     | Reached skill level 4 in Fire Magic
 23582 | D:12     | Identified a +0 dagger
 23582 | D:12     | Identified a cursed +0 robe
 23619 | D:12     | Identified a +0 hand axe
 23619 | D:12     | Identified a +0 chain mail
 23627 | D:12     | Found a staircase to the Orcish Mines.
 23627 | D:12     | Identified a +0 flail
 23627 | D:12     | Identified a +0 buckler
 24417 | D:9      | Identified a scroll of acquirement
 24417 | D:9      | Identified a +0 kite shield of reflection (You acquired it
                  | on level 9 of the Dungeon)
 24527 | D:12     | Reached skill level 9 in Dodging
 24701 | D:12     | Killed a cyan ugly thing
 24815 | D:12     | Offered knowledge of Static Discharge by Vehumet.
 24901 | D:12     | Noticed an unseen horror
 24911 | D:12     | Identified a +2 great sword of flaming
 24911 | D:12     | Noticed a fire giant
 24919 | D:12     | Noticed a catoblepas
 24947 | D:12     | HP: 5/67 [fire giant/bolt of fire (36)]
 25316 | D:11     | Learned a level 1 spell: Summon Butterflies
 25339 | D:11     | Killed an unseen horror
 25339 | D:11     | Reached skill level 5 in Fire Magic
 26070 | Orc:1    | Entered Level 1 of the Orcish Mines
 26070 | Orc:1    | Identified a +0 glaive
 26070 | Orc:1    | Identified a +0 chain mail
 26070 | Orc:1    | Identified a cursed +0 flail
 26070 | Orc:1    | Identified a +0 antimagic dagger
 26070 | Orc:1    | Identified a +0 robe
 26070 | Orc:1    | Identified a +0 short sword
 26172 | Orc:2    | Entered Level 2 of the Orcish Mines
 26280 | Orc:1    | Identified a +0 mace
 26280 | Orc:1    | Identified a +0 chain mail
 26281 | Orc:1    | Identified a +0 dagger
 26281 | Orc:1    | Identified a +0 robe
 26281 | Orc:1    | Identified a +0 mace
 26281 | Orc:1    | Identified a +0 ring mail
 26282 | Orc:1    | Identified a +0 club
 26282 | Orc:1    | Identified a +0 short sword
 26282 | Orc:1    | Identified a +0 leather armour
 26306 | Orc:1    | Identified a +0 dagger
 26306 | Orc:1    | Identified a +0 robe
 26439 | Orc:1    | Identified a +0 ring mail
 26440 | Orc:1    | Reached *** piety under Vehumet
 26440 | Orc:1    | Identified a +0 dagger
 26440 | Orc:1    | Identified a +0 robe
 26445 | Orc:1    | Identified a +0 mace
 26455 | Orc:1    | Identified a +0 hand axe
 26466 | Orc:1    | Identified a +0 spear
 26491 | Orc:1    | Identified a +0 war axe
 26491 | Orc:1    | Identified a cursed +0 chain mail
 26687 | Orc:2    | Identified a +0 great mace
 26687 | Orc:2    | Identified a +0 chain mail
 26687 | Orc:2    | Noticed an orc warlord
 26687 | Orc:2    | Identified a +0 trident
 26687 | Orc:2    | Noticed an orc high priest
 26687 | Orc:2    | Identified a +0 short sword
 26687 | Orc:2    | Identified a cursed +0 plate armour
 26687 | Orc:2    | Identified a +0 club
 26687 | Orc:2    | Identified a +0 dire flail
 26687 | Orc:2    | Identified a +0 plate armour
 26687 | Orc:2    | Identified a +0 short sword
 26687 | Orc:2    | Identified a +0 longbow
 26687 | Orc:2    | Identified a +0 leather armour
 26687 | Orc:2    | Noticed a deep elf archer
 26687 | Orc:2    | Identified a +0 glaive
 26687 | Orc:2    | Identified a +0 plate armour
 26689 | Orc:2    | Identified a +0 trident
 26689 | Orc:2    | Identified a +0 chain mail
 26690 | Orc:2    | Identified a +0 dagger
 26690 | Orc:2    | Identified a +2 robe of cold resistance
 26690 | Orc:2    | Noticed an orc sorcerer
 26690 | Orc:2    | Identified a +0 giant club
 26690 | Orc:2    | Identified a +0 long sword
 26690 | Orc:2    | Noticed a deep elf mage
 26690 | Orc:2    | Identified a +0 trident
 26690 | Orc:2    | Identified a +0 chain mail
 26690 | Orc:2    | Identified a +0 dagger
 26690 | Orc:2    | Identified a +0 leather armour
 26690 | Orc:2    | Noticed a deep elf mage
 26707 | Orc:2    | Reached XP level 12. HP: 66/72 MP: 20/26
 26779 | Orc:2    | Killed an orc warlord
 26928 | Orc:2    | Identified a +4 chain mail of cold resistance
 26950 | Orc:2    | Identified a +2 chain mail of magic resistance
 27098 | Orc:2    | Reached skill level 10 in Dodging
 27098 | Orc:2    | Reached skill level 6 in Fire Magic
 27288 | Orc:2    | Reached skill level 9 in Spellcasting
 27586 | Orc:2    | Killed an orc high priest
 27700 | Orc:1    | Identified a +0 dagger
 27700 | Orc:1    | Identified a +0 robe
 27732 | Orc:1    | Identified a +0 giant club
 27732 | Orc:1    | Identified a +0 flail
 27838 | Orc:1    | Identified a +0 falchion
 27843 | Orc:1    | Identified a +0 flail
 27843 | Orc:1    | Identified a +0 ring mail
 28107 | Orc:1    | Found Lemuned's Armour Shop.
 28121 | Orc:1    | Identified a +0 dagger
 28121 | Orc:1    | Identified a +0 leather armour
 28121 | Orc:1    | Identified a cursed -3 dagger
 28121 | Orc:1    | Identified a +0 robe
 28121 | Orc:1    | Identified a +0 giant spiked club
 28202 | Orc:1    | Identified a +1 vorpal trident
 28309 | Orc:1    | Identified a +0 demon trident of electrocution
 28727 | Orc:1    | Offered knowledge of Frozen Ramparts by Vehumet.
 28737 | Orc:1    | Identified a +0 battleaxe
 28737 | Orc:1    | Identified a +0 plate armour
 28737 | Orc:1    | Identified a +0 battleaxe
 28737 | Orc:1    | Identified a +0 chain mail
 28753 | Orc:1    | Identified a +0 mace
 28753 | Orc:1    | Identified a +0 plate armour
 29183 | Orc:1    | Identified a +0 scimitar
 29183 | Orc:1    | Identified a +0 chain mail
 29633 | Orc:1    | Reached skill level 11 in Dodging
 29633 | Orc:1    | Reached skill level 10 in Spellcasting
 29907 | Orc:2    | Identified a +0 troll leather armour
 30066 | Orc:2    | Found a staircase to the Elven Halls.
 30080 | Orc:2    | Identified a +0 short sword
 30080 | Orc:2    | Identified a +0 leather armour
 30081 | Orc:2    | Identified a +0 falchion
 30081 | Orc:2    | Identified a +0 leather armour
 30081 | Orc:2    | Identified a +1 ring mail of cold resistance
 30088 | Orc:2    | Identified a +0 trident
 30088 | Orc:2    | Identified a +0 leather armour
 30095 | Orc:2    | Identified a +0 war axe
 30095 | Orc:2    | Identified a +0 scale mail
 30095 | Orc:2    | Identified a +0 dire flail
 30095 | Orc:2    | Identified a +0 plate armour
 30096 | Orc:2    | Identified a +0 dagger
 30096 | Orc:2    | Identified a +0 robe
 30097 | Orc:2    | Identified a +0 dagger
 30097 | Orc:2    | Identified a +2 robe of resistance
 30097 | Orc:2    | Identified a +0 dire flail
 30097 | Orc:2    | Identified a +0 chain mail
 30098 | Orc:2    | Identified a +0 dagger
 30098 | Orc:2    | Identified a +0 robe
 30195 | Orc:2    | Identified a +0 dagger
 30202 | Orc:2    | Identified a cursed -1 scimitar
 30202 | Orc:2    | Identified a +0 chain mail
 30210 | Orc:2    | Identified a +0 scimitar
 30210 | Orc:2    | Identified a +0 plate armour
 30229 | Orc:2    | Identified a +0 great sword
 30229 | Orc:2    | Identified a +0 chain mail
 30229 | Orc:2    | Noticed an orc warlord
 30240 | Orc:2    | Identified a +0 trident
 30240 | Orc:2    | Noticed an orc high priest
 30390 | D:12     | HP: 9/72 [fire giant/fireball (37)]
 30427 | D:12     | Killed from afar by a fire giant

Table legend:
 A = Turns spent in this place as a percentage of turns spent in the entire game.
 B = Non-inter-level travel turns spent in this place as a percentage of non-inter-level travel turns spent in the entire game.
 C = Inter-level travel turns spent in this place as a percentage of turns spent in this place.
 D = Turns resting spent in this place as a percentage of non-inter-level travel turns spent in this place.
 E = Turns spent auto-exploring this place as a percentage of non-inter-level travel turns spent in this place.
 F = Non-inter-level travel turns spent in this place divided by the number of levels of this place that you've seen.
                   A       B       C       D       E      F
               +-------+-------+-------+-------+-------+----------------------
         Total | 100.0 | 100.0 |   7.7 |  44.5 |  25.9 | 1754.8
       Dungeon |  84.0 |  82.7 |   9.2 |  44.7 |  28.8 | 1934.8
        Temple |   0.8 |   0.8 |   3.4 |  56.5 |  35.2 | 230.0
          Lair |   1.2 |   1.3 |   0.0 |  47.5 |   0.0 | 358.0
  Orcish Mines |  14.0 |  15.2 |   0.0 |  42.3 |  11.7 | 2135.5
               +-------+-------+-------+-------+-------+----------------------

Table legend:
 A = Kills in this place as a percentage of kills in entire the game.
 B = Kills by you in this place as a percentage of kills by you in the entire game.
 C = Kills by friends in this place as a percentage of kills by friends in the entire game.
 D = Other kills in this place as a percentage of other kills in the entire game.
 E = Experience gained in this place as a percentage of experience gained in the entire game.
 F = Experience gained in this place divided by the number of levels of this place that you have seen.
                   A       B       C       D       E      F
               +-------+-------+-------+-------+-------+----------------------
         Total | 100.0 | 100.0 | 100.0 | 100.0 | 100.0 | 1773.9
       Dungeon |  83.5 |  90.2 |  35.3 |  71.4 |  73.9 | 1748.0
          Lair |   0.6 |   0.7 |   0.0 |   0.0 |   1.7 | 490.0
  Orcish Mines |  15.9 |   9.1 |  64.7 |  28.6 |  24.4 | 3458.5
               +-------+-------+-------+-------+-------+----------------------

Skill      XL: |  1  2  3  4  5  6  7  8  9 10 11 12 |
---------------+-------------------------------------+-----
Conjurations   | 2 3 4 7 10 11 | 11.9
Summonings     | 2 |  2.0
Poison Magic   | 1 2 |  2.0
Spellcasting   | 5 7 8 10 | 10.1
Air Magic      | 2 |  2.0
Dodging        | 6 9 11 | 11.0
Fighting       | 3 5 7 |  7.0
Hexes          | 8 |  8.1
Shields        | 3 4 |  4.1
Fire Magic     | 5 6 |  6.1
Stealth        | |  2.4
Translocations | |  1.1

Action                   |  1- 3 |  4- 6 |  7- 9 | 10-12 || total
-------------------------+-------+-------+-------+-------++-------
Melee: Mace              |     3 |     1 |    11 |    23 ||    38
       Staff             |       |       |       |     3 ||     3
Throw: Dart              |       |       |    34 |       ||    34
 Cast: Magic Dart        |    56 |   142 |   459 |  1108 ||  1765
       Call Imp          |     4 |       |       |    32 ||    36
       Mephitic Cloud    |       |     4 |    34 |   189 ||   227
       Tukima's Dance    |       |       |       |    65 ||    65
       Conjure Flame     |       |       |       |    25 ||    25
Evoke: Wand              |       |       |       |    12 ||    12
  Use: Scroll            |     3 |     3 |     1 |    17 ||    24
       Potion            |       |       |     2 |       ||     2
 Stab: Sleeping          |     1 |       |       |     1 ||     2
       Confused          |       |       |       |     1 ||     1
  Eat: Chunk             |     2 |     8 |    14 |    13 ||    37
       Ration            |       |       |     2 |    13 ||    15
Armor: Robe              |     7 |     9 |    54 |     8 ||    78
       Steam dragon scal |       |       |       |    87 ||    87
Dodge: Dodged            |    18 |    32 |   132 |   460 ||   642
       Deflected         |       |       |       |     8 ||     8
Block: Buckler           |       |       |       |    64 ||    64

Vanquished Creatures
  Erolcha (D:10)
  A centaur warrior (D:12)
  A two-headed ogre (D:11)
  An orc high priest (Orc:2)
  An unseen horror (D:11)
  A deep elf archer (Orc:2)
  A deep elf mage (Orc:2)
  2 cyclopes
  2 ugly things
  An orc sorcerer (Orc:2)
  A manticore (D:11)
  A centaur zombie (D:12)
  Maggie (D:8)
  A spiny frog (Lair:1)
  A komodo dragon (D:11)
  A tengu conjurer (D:10)
  3 trolls
  Prince Ribbit (D:8)
  4 slime creatures
  A dancing weapon (Orc:1)
  2 hippogriffs
  3 water elementals
  A wraith (D:11)
  2 water moccasins
  Duvessa (D:7)
  6 orc warriors
  An ice beast (D:11)
  5 sky beasts
  4 phantoms
  9 ogres
  An eye of draining (D:11)
  4 centaurs
  A crocodile (Lair:1)
  A big kobold (D:10)
  9 bullfrogs
  2 wyvern zombies (D:12)
  A gnoll sergeant (D:12)
  A water moccasin zombie (D:10)
  4 scorpions
  Dowan (D:7)
  12 killer bees
  7 electric eels
  2 vampire bats (D:6)
  5 wights (D:7)
  4 crimson imps
  A quasit (D:8)
  A bullfrog zombie (D:12)
  5 hounds
  5 jellies
  11 orc priests
  10 orc wizards
  A bullfrog skeleton (D:4)
  4 centaur skeletons
  An iguana (D:10)
  9 worker ants
  A hound zombie (D:9)
  A hound skeleton (D:4)
  A howler monkey zombie (D:11)
  3 worker ant zombies
  14 gnolls
  9 adders
  2 shadow imps
  An ooze (D:2)
  2 adder zombies (D:5)
  An adder skeleton (D:7)
  3 worms
  4 leopard geckos
  38 orcs
  3 ball pythons
  2 bat skeletons (D:6)
  3 bat zombies (D:6)
  5 giant cockroaches
  5 goblins
  3 hobgoblins
  17 jackals
  5 kobolds
  A quokka (D:9)
  8 bats
  2 frilled lizards
  A leopard gecko skeleton (D:4)
  A leopard gecko zombie (D:6)
  7 rats
307 creatures vanquished.

Vanquished Creatures (collateral kills)
  An orc warlord (Orc:2)
  A two-headed ogre (D:9)
  An orc sorcerer (Orc:1)
  An orc knight (Orc:1)
  A deep elf mage (Orc:2)
  10 orc warriors
  4 ogres
  A killer bee (D:10)
  2 orc priests
  An orc wizard (Orc:1)
  Terence (D:2)
  7 gnolls
  3 orcs
34 creatures vanquished.

Vanquished Creatures (others)
  4 dancing weapons
  16 plants
20 creatures vanquished.

Grand Total: 361 creatures vanquished
